 Dungeon Crawl Stone Soup version 0.28-a0-1002-gf00fe891ef (webtiles) character file.

Game seed: 1038187002151836144

107 Umoon the Cutter (level 4, -2/34 HPs)
             Began as a Demonspawn Gladiator on Dec 6, 2021.
             Slain by Grinder (6 damage)
             ... on level 3 of the Dungeon.
             The game lasted 00:02:17 (2768 turns).

Umoon the Cutter (Demonspawn Gladiator)             Turns: 2768, Time: 00:02:17

Health: -2/34      AC:  5    Str: 17    XL:     4   Next: 56%
Magic:  4/4        EV: 12    Int:  9    God:
Gold:   111        SH:  0    Dex: 14    Spells: 3/3 levels left

rFire   . . .      SeeInvis .   a - +0 rapier
rCold   + . .      Faith    .   (no shield)
rNeg    . . .      Spirit   .   i - +0 ring mail
rPois   .          Reflect  .   (helmet restricted)
rElec   .          Harm     .   (no cloak)
rCorr   .          Rampage  .   (no gloves)
Will    .....                   (no boots)
Stlth   +.........              (no amulet)
HPRegen 0.11/turn               n - ring of protection from cold
MPRegen 0.09/turn               (no ring)

@: no status effects
A: horns 1, powered by pain 1
a: no special abilities


You were on level 3 of the Dungeon.
You visited 1 branch of the dungeon, and saw 3 of its levels.

You collected 111 gold pieces.

Inventory:

Hand Weapons
 a - a +0 rapier (weapon)
Missiles
 d - 3 throwing nets (quivered)
Armour
 b - a +0 leather armour
 c - a +0 helmet
 i - a +0 ring mail (worn)
Jewellery
 n - a ring of protection from cold (left hand)
Wands
 m - a wand of iceblast (8)
Scrolls
 e - 3 scrolls of identify {unknown}
 f - a scroll of noise {unknown}
 g - a scroll of brand weapon {unknown}
 h - 3 scrolls of vulnerability {unknown}
 k - a scroll of teleportation {unknown}
Potions
 j - a potion of flight {unknown}
 l - 2 potions of curing {unknown}


   Skills:
 + Level 2.9 Fighting
 + Level 3.3 Short Blades
 - Level 1.7 Throwing
 + Level 1.8 Armour
 + Level 3.3 Dodging


You had 3 spell levels left.
You didn't know any spells.
Your spell library contained the following spells:

 Spells                   Type           Power      Damage    Failure   Level
 Beastly Appendage        Tmut           0%         N/A       58%         1
 Blink                    Tloc           0%         N/A       73%         2
 Lesser Beckoning         Tloc           0%         N/A       91%         3
 Manifold Assault         Tloc           0%         N/A       100%        5


Dungeon Overview and Level Annotations

Branches:
Dungeon (3/15)

Altars:

Annotations:
D:3 Grinder


Innate Abilities, Weirdness & Mutations

You have a pair of small horns on your head.
You sometimes gain a little power by taking damage.


Message History

Level annotation: Grinder Your body is wracked with pain! x2
* * * LOW HITPOINT WARNING * * *
There is a stone staircase leading up here.
You climb upwards.
There is a stone staircase leading down here.
You start resting.
HP restored.
You climb downwards.
Level annotation: Grinder
There is a stone staircase leading up here.
Grinder says, "Wait up."
Grinder is nearby!
Grinder says, "You look like you could use a good racking."
Grinder blinks!
No target in view!
No target in view!
You barely miss Grinder. Grinder hits you.
You writhe in agony.
Grinder gestures at you.
You barely resist. You hit Grinder.
Grinder is lightly wounded.
The bat barely misses you. Grinder barely misses you.
You hit Grinder. Your headbutt misses Grinder.
Grinder is lightly wounded.
The bat closely misses you. The bat hits you but does no damage.
Grinder hits you!
You writhe in agony.
You barely miss Grinder.
Grinder is lightly wounded.
The bat hits you. Grinder hits you but does no damage.
You completely miss Grinder.
Grinder is lightly wounded.
The bat misses you. The bat hits you but does no damage. Grinder hits you.
* * * LOW HITPOINT WARNING * * *
You hit Grinder but do no damage.
Grinder is lightly wounded.
The bat barely misses you. Grinder hits you.
* * * LOW HITPOINT WARNING * * *
You writhe in agony.
You die...

.#.######
#.>......
##.####.....###
............... #
###.##..###
#.##..<.......
#.............
#.##.##..........
.......@b......#.
.......#5.##.#.#
..##.......#
.#..#
...............
##
..............#
.....## ..##..#
..... ..# ...
..... ..# .#


You could see Grinder and a bat.

Vanquished Creatures
  An iguana (D:2)
  2 adders (D:2)
  A worm (D:2)
  A dart slug (D:1)
  6 bats
  6 endoplasms
  4 giant cockroaches (D:1)
  7 hobgoblins
  6 jackals
  3 quokkas
  7 ball pythons
  2 frilled lizards
  4 kobolds
  6 rats
56 creatures vanquished.

Vanquished Creatures (others)
  2 lurking horrors (D:3)
2 creatures vanquished.

Grand Total: 58 creatures vanquished

Notes
Turn   | Place    | Note
-------+----------+-------------------------------------------
     0 | D:1      | Umoon the Demonspawn Gladiator began the quest for the Orb.
     0 | D:1      | Reached XP level 1. HP: 16/16 MP: 1/1
   210 | D:1      | Gained mutation: You have a pair of small horns on your
                  | head. [demonic ancestry]
   210 | D:1      | Reached XP level 2. HP: 18/22 MP: 2/2
   328 | D:1      | Found a faded altar of an unknown god.
   332 | D:1      | Got Plato's Almanac of Changing
   697 | D:1      | Reached skill level 1 in Armour
   834 | D:1      | Gained mutation: You sometimes gain a little power by
                  | taking damage. [demonic ancestry]
   834 | D:1      | Reached XP level 3. HP: 24/28 MP: 3/3
  1818 | D:2      | Reached XP level 4. HP: 33/34 MP: 4/4
  2227 | D:3      | Noticed Grinder
  2768 | D:3      | Slain by Grinder

Illustrated notes

Levels and vault maps discovered:
D:1:      evilmike_arrival_hilbert_curve, layout_rooms,
          shapermc_ecumenical_altar_rom_forum
D:2:      layout_basic
D:3:      layout_basic, serial_shops, nicolae_shop_crystal,
          amcnicky_altar_lugonu_corruption, uniq_grinder

Skill      XL: |  1  2 |
---------------+-------+-----
Short Blades   | 3 |  3.3
Armour         | 1 |  1.8
Dodging        | 3 |  3.3
Fighting       | |  2.9
Throwing       | |  1.7

Action                   |  1- 3 |  4- 6 || total
-------------------------+-------+-------++-------
Melee: Rapier            |   132 |    26 ||   158
       Headbutt          |    14 |     4 ||    18
Evoke: Wand              |       |     2 ||     2
 Stab: Distracted        |     1 |       ||     1
Armor: Leather armour    |    12 |       ||    12
       Ring mail         |    41 |     8 ||    49
Dodge: Dodged            |   105 |    20 ||   125

Table legend: (Time is in decaauts)
 A = Elapsed time spent in this place.
 B = Non-inter-level travel time spent in this place.
 C = Inter-level travel time spent in this place.
 D = Time resting spent in this place.
 E = Time spent auto-exploring this place.
 F = Levels seen in this place.
 G = Mean time per level.
                   A        B        C        D        E       F      G
               +--------+--------+--------+--------+--------+-----+--------+
         Total |   2777 |   2698 |     79 |    715 |   1619 |   3 |  925.7 |
       Dungeon |   2777 |   2698 |     79 |    715 |   1619 |   3 |  925.7 |
               +--------+--------+--------+--------+--------+-----+--------+

Top non-repeatable levels by time:
     D:2: 1598 daAuts
     D:1: 1151 daAuts
     D:3: 27 daAuts
